Map: Deathaura LE

Players

Powerfoe - Winner!

  • Race: Terran Terran
  • League: Master
  • Spawn Location: 5:00

A.I. 1 (Very Easy)

  • Race: Protoss Protoss
  • Spawn Location: 11:00

VOD

Have the link to the VOD?

Description

Time

  • Played on: Sept. 26, 2020, 9:27 a.m.
  • Length: 5:49
Show
View Real Time Build Order
Export as new Build Order

Powerfoe Terran - Winner!

Build Orders: 1/1/1 

Get SALT Encoding   

  12  0:00  SCV  
  13  0:12  SCV  
  14  0:16  Supply Depot  
  14  0:24  SCV  
  15  0:38  SCV  
  15  0:39  Barracks  
  16  0:43  Refinery  
  16  0:50  SCV  
  17  1:02  SCV  
  17  1:04  Refinery  
  18  1:09  Supply Depot  
  18  1:14  SCV  
  19  1:26  Marine  
  19  1:27  Orbital Command  
  20  1:41  Factory  
  20  1:46  Barracks Reactor  
  20  1:53  SCV  
  21  2:05  SCV  
  22  2:17  SCV  
  23  2:22  Marine  
  23  2:23  Marine  
  23  2:26  Widow Mine, Starport  
  23  2:28  Supply Depot  
  23  2:29  SCV  
  28  2:40  Marine x2  
  28  2:41  SCV  
  31  2:50  Widow Mine  
  33  2:54  Supply Depot  
  33  2:57  Armory  
  33  3:02  Medivac  
  35  3:06  Marine x2  
  35  3:12  Widow Mine  
  39  3:18  Supply Depot  
  39  3:24  Marine x2  
  41  3:33  Factory Tech Lab  
  41  3:42  Marine x2  
  41  3:46  Supply Depot  
  43  3:51  Thor  
  49  3:56  Medivac  
  49  3:59  Marine x2  
  53  4:11  Supply Depot  
  53  4:17  Marine x2  
  55  4:33  Viking  
  55  4:34  Cyclone  
  60  4:42  Marine x2  
  62  5:00  Marine x2  
  64  5:11  Cyclone  
  70  5:34  Supply Depot  
Show
View Real Time Build Order
Export as new Build Order

A.I. 1 (Very Easy) Protoss 

Build Orders:  

Get SALT Encoding   

  12  0:00  Probe  
  13  0:13  Probe  
  14  0:19  Pylon  
  14  0:36  Assimilator  
  14  0:43  Gateway  
  14  0:46  Pylon  
  14  1:13  Assimilator  
  14  1:22  Probe  
  14  1:24  Zealot  
  14  1:30  Probe  
  17  1:33  Cybernetics Core  
  18  1:40  Probe  
  19  1:52  Probe  
  20  1:59  Warp Gate  
  20  2:01  Probe  
  21  2:09  Probe  
  22  2:47  Stalker  
  24  4:23  Probe  
  21  4:31  Probe  
  22  4:41  Probe  
  23  4:53  Probe  
  22  5:05  Probe  
  23  5:14  Stalker  
  23  5:16  Pylon  
  23  5:17  Probe  
  14  5:30  Probe  
  2  5:42  Zealot  
Tags
 
League
Master
Matchup
PvT
Opening
1/1/1
Spawn Locations
Cross Positions
Add a new tag
Caveats
  • Supply blocks, unpowered buildings, or Contaminate may cause inaccurate times.
  • Supply counts are checked every 10 seconds.